 Dungeon Crawl Stone Soup version 0.30-a0-748-ge6a52f7cba (webtiles) character file.

Game seed: 4997665980206654949

0 Esekla the Sneak (level 1, -5/16 HPs)
             Began as an Octopode Delver on Feb 8, 2023.
             Killed from afar by an orc wizard (9 damage)
             ... with a magic dart
             ... on level 5 of the Dungeon.
             The game lasted 00:01:34 (154 turns).

Esekla the Sneak (Octopode Delver)                   Turns: 154, Time: 00:01:35

Health: -5/16      AC:  1    Str: 11    XL:     1   Next: 0%
Magic:  1/1        EV: 13    Int: 12    God:
Gold:   42         SH:  0    Dex: 13    Spells: 0/0 levels left

rFire   . . .      SeeInvis .    a - +0 falchion
rCold   . . .      Faith    .    (no shield)
rNeg    . . .      Spirit   .    (helmet restricted)
rPois   .          Reflect  .    (no amulet)
rElec   .          Harm     .    (no ring)
rCorr   .          Rampage  .    (no ring)
Will    .....                    (no ring)
Stlth   ++++                     (no ring)
HPRegen 0.22/turn                (no ring)
MPRegen 0.07/turn                (no ring)
                                 (no ring)
                                 (no ring)

@: no status effects
A: almost no armour, amphibious, 8 rings, camouflage 1, gelatinous body 1,
(nimble swimmer 1), tentacles
a: no special abilities


You were on level 5 of the Dungeon.
You visited 1 branch of the dungeon, and saw 1 of its levels.

You collected 42 gold pieces.

Inventory:

Hand Weapons
 a - a +0 falchion (weapon)
 g - a +0 trident
Jewellery
 d - an amulet of reflection
 h - a ring of resist corrosion
Wands
 f - a wand of digging (3)
Scrolls
 b - a scroll of fog
 c - a scroll of magic mapping
 e - a scroll of teleportation {unknown}


   Skills:
 + Level 3.0 Fighting
 + Level 2.0 Long Blades
 + Level 2.0 Dodging
 + Level 6.6 Stealth


You couldn't memorise any spells.
You didn't know any spells.
Your spell library was empty.

Dungeon Overview and Level Annotations

Branches:
Dungeon (5/15)
 Temple: D:4-7

Altars:
Nemelex Xobeh
Zin


Innate Abilities, Weirdness & Mutations

You cannot wear most types of armour.
You are amphibious.
You can wear up to eight rings at the same time.
Your skin changes colour to match your surroundings (Stealth+).
Your rubbery body absorbs attacks. (AC +1, EV +1)
((You are camouflaged when in or above water. (Stealth+)))
You have tentacles for arms and can constrict up to eight enemies at once.


Message History

Unknown command.
As you read the scroll of fear, it crumbles to dust.
You assume a fearsome visage.
The gnoll bouda looks frightened!
The gnoll looks frightened! x2
The gnoll shouts!
The gnoll looks frightened!
The gnoll shouts!
You see here an amulet of reflection.
d - an amulet of reflection You feel yourself speed up.
The gnoll seems to regain its courage.
A scorpion comes into view.
Found 15 gold pieces.
You open the door.
Found a sparkling altar of Nemelex Xobeh and a glowing silver altar of Zin.
You see here 15 gold pieces.
You now have 42 gold pieces (gained 15).
The gnoll hits you with a +0 spear. The gnoll barely misses you.
The gnoll hits you from afar with a +0 spear.
Found a robe.
Found a scroll labelled DULEAVAOSI.
e - a scroll labelled DULEAVAOSI Your extra speed is starting to run out.
You feel yourself slow down.
An orc wizard comes into view. It is wielding a +0 dagger.
The orc wizard shouts!
You hear a shout!
The orc wizard points at you and mumbles some strange words.
The magic dart hits you!
* * * LOW HITPOINT WARNING * * *
An orc comes into view. It is wielding a +0 flail.
You barely miss the orc wizard. Your grab misses the orc wizard.
You squeeze the orc wizard.
The orc wizard is heavily wounded.
The orc wizard misses you.
You hit the orc wizard. Your grab misses the orc wizard.
The orc wizard is severely wounded.
The orc wizard gestures at you while chanting.
The magic dart hits you!
Ouch! That really hurt!
You die...

*,* *,************
*,* *,,,,,,,,,,,,,
*,* **************
*,* ###*********
*,* #..,,,,,,,,*
*,* #.#*******,*
*,* #.### *,******
*,* #oo.# *,,,,,,*
*,* #@..#
***,**,** *,*
#...# ****,****,
*,*
##.####**,,,,,,,**
*,*
#....#*,,,,,,,,,*
*** *,*
#..###,,,,,,,,,,,
**,****,* #..#
*,,,,***,,,,
*,,,,,,,*
#..###,,,**,**,,,
**,******
#....#,,,,***,,,,
*,*
##.#.#*,,,,,,,,,*


You could see an orc wizard and an orc.

Vanquished Creatures (others)
  A demonic plant (D:5)
1 creature vanquished.

Notes
Turn   | Place    | Note
-------+----------+-------------------------------------------
     0 | D:5      | Esekla the Octopode Delver began the quest for the Orb.
     0 | D:5      | Reached XP level 1. HP: 16/16 MP: 1/1
    69 | D:5      | Noticed a gnoll bouda
    91 | D:5      | Noticed a scorpion
   114 | D:5      | Found a sparkling altar of Nemelex Xobeh.
   114 | D:5      | Found a glowing silver altar of Zin.
   148 | D:5      | Noticed an orc wizard
   154 | D:5      | Killed from afar by an orc wizard

Illustrated notes

Levels and vault maps discovered:
D:5:      layout_loops_ring, tgw_trog, gammafunk_temple_overflow_statue,
          serial_demonic, serial_demonic_a, serial_demonic_e, serial_demonic_f,
          serial_demonic_e

Action                     || total
---------------------------++-------
  Melee: Falchion          ||     2
         Tentacles         ||     1
    Use: Scroll            ||     2
         Potion            ||     1
  Dodge: Dodged            ||     3

Table legend: (Time is in decaauts)
 A = Elapsed time spent in this place.
 B = Non-inter-level travel time spent in this place.
 C = Inter-level travel time spent in this place.
 D = Time resting spent in this place.
 E = Time spent auto-exploring this place.
 F = Levels seen in this place.
 G = Mean time per level.
                   A        B        C        D        E       F      G
               +--------+--------+--------+--------+--------+-----+--------+
         Total |    137 |    137 |      0 |      0 |      0 |   1 |  137.0 |
       Dungeon |    137 |    137 |      0 |      0 |      0 |   1 |  137.0 |
               +--------+--------+--------+--------+--------+-----+--------+

Top non-repeatable levels by time:
     D:5: 137 daAuts
